 Dungeon Crawl Stone Soup version 0.29.1-13-g9f3cf754e1 (webtiles) character file.

Game seed: 4234377416514496683

1122 concernfroge the Covert (level 8, -1/32 HPs)
             Began as a Felid Transmuter on Jan 23, 2023.
             Was a Believer of Okawaru.
             Slain by Prince Ribbit (11 damage)
             ... on level 7 of the Dungeon.
             The game lasted 00:31:00 (8878 turns).

concernfroge the Covert (Felid Transmuter)          Turns: 8878, Time: 00:31:01

Health: -1/32      AC:  2    Str:  6    XL:     8   Next: 12%
Magic:  11/12      EV: 27    Int: 15    God:    Okawaru [**....]
Gold:   208        SH:  0    Dex: 18    Spells: 6/11 levels left
                                        Lives:  0   Deaths: 2

rFire   + . .      SeeInvis +     - Unarmed
rCold   + . .      Faith    .   (shield unavailable)
rNeg    . . .      Spirit   .   (body armour unavailable)
rPois   .          Reflect  .   (helmet unavailable)
rElec   .          Harm     .   (cloak unavailable)
rCorr   .          Rampage  .   (gloves unavailable)
Will    +....                   (boots unavailable)
Stlth   +++++.....              (no amulet)
HPRegen 0.10/turn               d - ring of protection from cold
MPRegen 0.13/turn               s - ring of protection from fire

@: mighty, heroic, quick
A: very small, claws 1, fangs 3, see invisible, speed 1, shaggy fur 2, stealthy
paws, no weapons or thrown items, no armour, multi-lived
a: Renounce Religion, Heroism


You were on level 7 of the Dungeon.
You worshipped Okawaru.
Okawaru was pleased with you.
You visited 2 branches of the dungeon, and saw 8 of its levels.

You collected 451 gold pieces.
You spent 243 gold pieces at shops.

Inventory:

Jewellery
 d - a ring of protection from cold (left paw)
 o - a ring of protection from cold
 s - a ring of protection from fire (right paw)
Wands
 w - a wand of mindburst (10)
Scrolls
 a - a scroll of brand weapon {unknown}
 g - 6 scrolls of teleportation
 i - 2 scrolls of blinking {unknown}
 k - a scroll of torment {unknown}
 p - 2 scrolls of amnesia {unknown}
 t - a scroll of enchant armour {unknown}
 u - a scroll of noise {unknown}
 v - a scroll of poison {unknown}
 x - a scroll of identify
 y - 3 scrolls of magic mapping {unknown}
Potions
 b - a potion of resistance {unknown}
 c - 5 potions of curing
 f - 2 potions of haste
 h - 4 potions of might
 j - a potion of cancellation {unknown}
 l - a potion of attraction {unknown}
 m - a potion of invisibility {unknown}
 n - a potion of ambrosia {unknown}
 q - a potion of heal wounds {unknown}
 r - a potion of flight {unknown}


   Skills:
 - Level 1.0(6.0) Fighting
 + Level 7.9(12.9) Dodging
 + Level 8.0(13.0) Stealth
 + Level 6.4(11.4) Unarmed Combat
 - Level 2.0 Spellcasting
 - Level 4.0 Translocations
 - Level 2.1 Transmutations
 + Level 5.0 Invocations


You had 6 spell levels left.
You knew the following spells:

 Your Spells              Type           Power      Damage    Failure   Level
a - Beastly Appendage     Tmut           16%        N/A       9%          1
b - Wereblood             Tmut           8%         N/A       14%         2
c - Blink                 Tloc           26%        N/A       6%          2

Your spell library contained the following spells:

 Spells                   Type           Power      Damage    Failure   Level
 Apportation              Tloc           26%        N/A       4%          1
 Lesser Beckoning         Tloc           13%        N/A       13%         3
 Spider Form              Tmut/Pois      4%         N/A       38%         3
 Ignite Poison            Fire/Tmut/Pois 3%         N/A       45%         3
 Mephitic Cloud           Conj/Pois/Air  1%         N/A       54%         3
 Manifold Assault         Tloc           13%        N/A       75%         5
 Ice Form                 Ice/Tmut       4%         N/A       80%         4
 Alistair's Intoxication  Tmut/Pois      2%         N/A       98%         5
 Freezing Cloud           Conj/Ice/Air   0%         6-21      99%         5
 Malign Gateway           Summ/Tloc      Unusable   N/A       N/A         7
 Summon Horrible Things   Summ           Unusable   N/A       N/A         8

Dungeon Overview and Level Annotations

Branches:
Dungeon (7/15)             Temple (1/1) D:5

Altars:
Ashenzari
Dithmenos
Elyvilon
Gozag
Hepliaklqana
Nemelex Xobeh
Okawaru
Ru
Sif Muna
Trog
Uskayaw
Wu Jian
Xom

Shops:
D:2 *   D:5 !

Annotations:
D:5 3 runed translucent doors, exclusion: 3 doors, KittyFluff's ghost, novice GrBe
D:6 1 runed translucent door, exclusion: door, GigaChad's ghost, novice MiFi
D:7 Pikel; Prince Ribbit


Innate Abilities, Weirdness & Mutations

You have sharp claws.
You have razor-sharp teeth.
You have supernaturally acute eyesight. (SInv)
You cover ground quickly. (Speed+)
You are covered in thick fur. (AC +2)
Your paws help you pounce on unaware monsters.
You are incapable of wielding weapons or throwing items.
You cannot wear armour.
You gain extra lives every three experience levels.


Message History

Prince Ribbit asks, "Just a little smooch?"
Prince Ribbit misses you.
You closely miss Prince Ribbit.
Prince Ribbit lets out a mournful croak.
Prince Ribbit completely misses you.
You claw Prince Ribbit!
Prince Ribbit is lightly wounded.
Prince Ribbit barely misses you.
You miss Prince Ribbit.
Prince Ribbit is lightly wounded.
Prince Ribbit blinks!
You feel very mighty all of a sudden.
You scratch Prince Ribbit. Your claw misses Prince Ribbit.
Prince Ribbit is moderately wounded.
Prince Ribbit hits you!
You claw Prince Ribbit!
Prince Ribbit is heavily wounded.
Prince Ribbit completely misses you.
You closely miss Prince Ribbit.
Prince Ribbit is heavily wounded.
Prince Ribbit barely misses you.
You completely miss Prince Ribbit. Your claw misses Prince Ribbit.
Prince Ribbit is heavily wounded.
Prince Ribbit completely misses you.
You closely miss Prince Ribbit. Your claw misses Prince Ribbit.
Your bite misses Prince Ribbit.
Prince Ribbit is heavily wounded.
Prince Ribbit blinks!
Aiming: Mindburst
Press: ? - help, Shift-Dir - straight line, f/p - Prince Ribbit
Aim: Prince Ribbit (heavily wounded, chance to affect: 47%) Prince Ribbit resists with some effort.
Aiming: Mindburst
Press: ? - help, Shift-Dir - straight line, f/p - Prince Ribbit
Aim: Prince Ribbit (heavily wounded, chance to affect: 47%) Prince Ribbit's mind is blasted!!
You completely miss Prince Ribbit.
Prince Ribbit is almost dead.
Prince Ribbit hits you!
You die...

#####!..#####.#####.#
o...........).......#
##.##...#####.####..#
#.#######.####..#
<..#..............
#..# #.#####[#......
#.. #.##.<... #. #F#
..... # #@# .... #.#
#.. ..# #.#.# ####
#.#.# #.#.# #.#>###
#. #.....# #5 #.
#.....##### #. #.
#..........


You could see Prince Ribbit.

Vanquished Creatures
  A water moccasin (D:6)
  2 sky beasts
  An orc warrior (D:7)
  2 black bears
  An ice beast (D:7)
  A phantom (D:4)
  Blork the orc (D:5)
  A bullfrog (D:6)
  3 necrophages
  3 scorpions
  2 wights (D:7)
  3 hounds
  An orc priest (D:7)
  5 iguanas
  3 orc wizards
  3 gnolls (D:6)
  3 adders
  2 shadow imps
  4 white imps
  An ufetubus (D:5)
  A worm (D:5)
  2 dart slugs
  5 orcs
  11 bats
  10 endoplasms
  3 giant cockroaches
  8 goblins
  5 hobgoblins
  6 jackals
  3 kobolds
  9 quokkas
  4 ball pythons
  3 frilled lizards
  5 rats
118 creatures vanquished.

Vanquished Creatures (others)
  2 orc wizards
  2 withered plants (D:6)
4 creatures vanquished.

Grand Total: 122 creatures vanquished

Notes
Turn   | Place    | Note
-------+----------+-------------------------------------------
     0 | D:1      | concernfroge the Felid Transmuter began the quest for the
                  | Orb.
     0 | D:1      | Reached XP level 1. HP: 9/9 MP: 4/4
    92 | D:1      | Found a faded altar of an unknown god.
   314 | D:1      | Reached skill level 1 in Stealth
   547 | D:1      | Reached XP level 2. HP: 8/12 MP: 6/6
   550 | D:1      | Learned a level 2 spell: Wereblood
  1364 | D:1      | Reached skill level 2 in Stealth
  1495 | D:2      | Reached XP level 3. HP: 15/15 MP: 7/7
  1520 | D:2      | Found Yxkeol's Assorted Antiques.
  1537 | D:2      | Bought a scroll labelled MALEGA RUTWUPN for 23 gold pieces
  1537 | D:2      | Bought a viscous inky potion for 20 gold pieces
  1537 | D:2      | Bought a green potion for 20 gold pieces
  3131 | D:3      | Reached XP level 4. HP: 19/19 MP: 8/8
  3195 | D:3      | Reached skill level 3 in Stealth
  3413 | D:3      | Slain by a hound
  3414 | D:3      | Reached XP level 3. HP: -3/15 MP: 7/7
  3466 | D:4      | Noticed a phantom
  3580 | D:4      | You fall into a shaft and drop 1 floor!
  3580 | D:5      | Entered Level 5 of the Dungeon
  3584 | D:5      | Found a runed translucent gate.
  3584 | D:5      | Found a runed translucent gate.
  3589 | D:5      | Found a staircase to the Ecumenical Temple.
  3602 | Temple   | Entered the Ecumenical Temple
  3680 | Temple   | Became a worshipper of Warmaster Okawaru
  3711 | D:5      | Found a broken altar of Ashenzari.
  3833 | D:5      | Noticed a scorpion
  3866 | D:5      | Reached XP level 4. HP: 19/19 MP: 8/8
  3882 | D:5      | Reached skill level 1 in Invocations
  4009 | D:4      | Killed a scorpion
  4010 | D:4      | Reached skill level 4 in Stealth
  4010 | D:4      | Reached XP level 5. HP: 20/22 MP: 9/9
  4039 | D:4      | Reached skill level 5 in Dodging
  4218 | D:4      | Noticed a black bear
  4260 | D:5      | Found a hide-covered altar of Uskayaw.
  4384 | D:5      | Gained mutation: You are covered in thick fur. (AC +2)
                  | [Felid growth]
  4384 | D:5      | Reached XP level 6. HP: 21/25 MP: 8/10
  4466 | D:5      | Found a runed translucent gate.
  4471 | D:5      | Noticed KittyFluff's ghost (novice GrBe)
  4558 | D:5      | Found Tonlicof's Distillery.
  4564 | D:5      | Bought a potion of curing for 36 gold pieces
  4564 | D:5      | Bought a potion of curing for 36 gold pieces
  4564 | D:5      | Bought a potion of might for 48 gold pieces
  4564 | D:5      | Bought a potion of berserk rage for 60 gold pieces
  4773 | D:5      | Found a bloodstained altar of Trog.
  5094 | D:5      | Noticed Blork the orc
  5229 | D:5      | Killed Blork the orc
  5229 | D:5      | Reached * piety under Okawaru
  5573 | D:4      | Reached skill level 5 in Stealth
  5677 | D:4      | Learned a level 2 spell: Blink
  5730 | D:4      | Reached XP level 7. HP: 14/27 MP: 7/11
  5743 | D:4      | Reached skill level 1 in Translocations
  6000 | D:4      | Reached skill level 5 in Unarmed Combat
  6272 | D:6      | Identified the +1 robe "Bicliumn" {rF- MP+9 Int+4}
  6316 | D:6      | Reached skill level 6 in Stealth
  6833 | D:6      | Found a white marble altar of Elyvilon.
  6846 | D:6      | Reached XP level 8. HP: 27/32 MP: 12/12
  7350 | D:6      | Identified the +6 dagger of Upheaval {vorpal, rF- rN+++
                  | Stlth+}
  7707 | D:6      | Found a runed translucent door.
  7707 | D:6      | Noticed GigaChad's ghost (novice MiFi)
  7845 | D:7      | Found a sacrificial altar of Ru.
  8068 | D:7      | Reached skill level 7 in Stealth
  8224 | D:7      | Noticed Pikel
  8226 | D:7      | Reached ** piety under Okawaru
  8360 | D:7      | Slain by a wight
  8361 | D:7      | Reached XP level 7. HP: 0/27 MP: 10/11
  8672 | D:7      | Reached XP level 8. HP: 14/32 MP: 10/12
  8736 | D:7      | Reached skill level 5 in Invocations
  8752 | D:7      | Reached skill level 8 in Stealth
  8863 | D:7      | Noticed Prince Ribbit
  8878 | D:7      | Slain by Prince Ribbit

Illustrated notes

Levels and vault maps discovered:
D:1:      ncdulo_smallfort, layout_loops_ring,
          chequers_ecumenical_altar_simple_redux, minmay_misc_feat_doors
D:2:      layout_loops_ring, serial_shops, shop, minmay_pentomino_p2
D:3:      layout_loops_ring
D:4:      layout_gridville
D:5:      layout_loops_corners, mainiacjoe_overflow_concentric_impassable,
          mainiacjoe_overflow_big_doors, minmay_temple_entry_mini_moons,
          serial_shops, shop, gammafunk_ghost_necromancy,
          kennysheep_generic_room_12, uniq_blork_the_orc
D:6:      layout_loops_ring, mainiacjoe_overflow_catwalk, gammafunk_ghost_grave
D:7:      layout_loops_ring, mainiacjoe_overflow_paths,
          grunt_temple_overflow_octagram, uniq_prince_ribbit1, uniq_pikel
Temple:   nicolae_temple_colour_theory

Skill      XL: |  1  2  3  4  5  6  7  8 |
---------------+-------------------------+-----
Stealth        | 1 2 4 5 6 8 |  8.0
Dodging        | 3 4 5 6 7 |  7.9
Unarmed Combat | 4 5 6 |  6.4
Invocations    | 1 2 3 5 |  5.0
Translocations | 3 4 |  4.0
Fighting       | |  1.0
Spellcasting   | |  2.0
Transmutations | |  2.1

Action                   |  1- 3 |  4- 6 |  7- 9 || total
-------------------------+-------+-------+-------++-------
Melee: Unarmed           |   172 |   106 |   162 ||   440
       Bite              |    18 |    13 |    23 ||    54
       Headbutt          |     4 |     8 |     1 ||    13
       Punch             |     3 |       |     7 ||    10
 Cast: Beastly Appendage |     4 |     6 |     1 ||    11
       Wereblood         |       |     3 |     2 ||     5
Invok: Heroism           |       |     3 |    13 ||    16
Evoke: Wand              |       |       |     4 ||     4
  Use: Scroll            |     4 |       |       ||     4
       Potion            |     1 |     4 |     5 ||    10
 Stab: Sleeping          |     6 |     6 |    10 ||    22
       Distracted        |       |     2 |     1 ||     3
Armor: Skin              |    23 |     3 |     7 ||    33
Dodge: Dodged            |   127 |    63 |   108 ||   298
